 Dungeon Crawl Stone Soup version 0.21-a0-426-g98080a9 (webtiles) character file.

1225 kae the Insei (level 8, -4/67 HPs)
             Began as a Black Draconian Transmuter on Nov 7, 2017.
             Killed themself with a badly aimed orb of electricity (9 damage)
             ... on level 5 of the Dungeon.
             The game lasted 00:10:13 (8373 turns).

kae the Insei (Black Draconian Transmuter)          Turns: 8373, Time: 00:10:14

Health: -4/67      AC:  6    Str: 12    XL:     8   Next: 23%
Magic:  14/14      EV: 12    Int: 15    God:
Gold:   254        SH:  0    Dex: 17    Spells: 9/15 levels left

rFire    . . .     SeeInvis +     - Unarmed
rCold    . . .     Gourm    .   (no shield)
rNeg     . . .     Faith    .   (armour unavailable)
rPois    .         Spirit   .   (helmet restricted)
rElec    +         Reflect  .   (no cloak)
rCorr    .         Harm     .   (no gloves)
MR       .....                  (no boots)
Stlth    ++........             (no amulet)
HPRegen  0.21/turn              v - ring of see invisible
MPRegen  0.14/turn              l - +4 ring of dexterity

@: no status effects
A: breathe lightning, unfitting armour, electricity resistance, cold-blooded, AC
+6
a: Breathe Lightning


You were on level 5 of the Dungeon.
You were near starving.

You visited 1 branch of the dungeon, and saw 6 of its levels.
You also visited: Sewer.

You collected 254 gold pieces.

Inventory:

Missiles
 a - 73 arrows
Magical Staves
 x - an uncursed staff of air
Jewellery
 l - a +4 ring of dexterity (right hand)
 v - a ring of see invisible (left hand)
Scrolls
 e - 3 scrolls of amnesia
 f - a scroll of enchant armour {unknown}
 q - 2 scrolls of teleportation
 t - 4 scrolls of remove curse
 u - a scroll of identify
 w - a scroll of fog
Potions
 h - a potion of brilliance {unknown}
 i - a potion of degeneration {unknown}
 j - a potion of mutation
 k - 3 potions of curing
 n - 3 potions of flight {unknown}
 o - a potion of haste {unknown}
 r - a potion of invisibility
 s - a potion of heal wounds
Books
 b - a book of Changes

   Spells                             Type                      Level
   a - Beastly Appendage              Transmutation                1
   b - Sticks to Snakes               Transmutation                2
   c - Spider Form                    Transmutation/Poison         3
   d - Ice Form                       Ice/Transmutation            4
   e - Blade Hands                    Transmutation                5
 p - a book of Misfortune

   Spells                             Type                      Level
   a - Confusing Touch                Hexes                        1
   b - Confuse                        Hexes                        3
   c - Gell's Gravitas                Translocation                3
   d - Petrify                        Transmutation/Earth          4
   e - Metabolic Englaciation         Hexes/Ice                    5
   f - Yara's Violent Unravelling     Hexes/Transmutation          5
Comestibles
 c - 4 bread rations
 d - 7 fruits
 g - 4 meat rations
 m - 3 royal jellies


   Skills:
 + Level 4.4 Fighting
 - Level 1.7 Dodging
 * Level 6.5 Unarmed Combat
 + Level 4.0 Spellcasting
 * Level 6.0 Transmutations


You had 9 spell levels left.
You knew the following spells:

 Your Spells              Type           Power        Failure   Level  Hunger
a - Beastly Appendage     Tmut           ###...       1%          1    None
b - Sticks to Snakes      Tmut           ###.....     2%          2    ##.....
c - Spider Form           Tmut/Pois      ##........   16%         3    ###....


Dungeon Overview and Level Annotations

Branches:
Dungeon (6/15)
 Temple: D:4-7

Altars:
Dithmenos
Fedhas
Kikubaaqudgha
Qazlal

Annotations:
D:4 wvc's ghost, novice MiBe


Innate Abilities, Weirdness & Mutations

You can breathe wild blasts of lightning.
Your glossy black scales are hard. (AC +6)
You cannot fit into any form of body armour.
You are resistant to electric shocks. (rElec)
You are cold-blooded and may be slowed by cold attacks.


Message History

There is a stone staircase leading down here.
Unknown command.
Unknown command.
You barely miss the bullfrog.
Your tail-slap misses the bullfrog.
The bullfrog misses you.
Okay, then.
The bullfrog hits you.
* * * LOW HITPOINT WARNING * * *
The bullfrog hits you!
* * * LOW HITPOINT WARNING * * *
The bullfrog hits you!
* * * LOW HITPOINT WARNING * * *
You breathe a wild blast of lightning!
The orb of electricity explodes!
You hear a mighty clap of thunder!
The bolt of lightning misses you. x2; The zap misses the bullfrog.
The orb of electricity explodes!
The orb of electricity engulfs the bullfrog.
The bullfrog is severely wounded.
The orb of electricity engulfs you! You resist.
You die...

############# ###########
#...........#
..........###.#########.#
.########(....# ###.### .#
#.......#..#######.....#
####.####......F@..##.#.#.#######
≈≈##.####.....####...............
##≈#>.........>.#####.#.#.######.
##.#..###.................# #.
§#≈#...)).....#....<.....)# #.
##÷##.#>..................# #.
##≈##.#.###.############..# #.
§≈##..#.# #.# #..# #. ###..##.#
#.# #..######.


You could see a bullfrog.

Vanquished Creatures
  Edmund (D:4)
  A sky beast (D:5)
  An ogre (D:5)
  A phantom (D:3)
  2 centaurs (D:5)
  2 big kobolds
  A howler monkey (D:5)
  A bullfrog zombie (D:3)
  A bullfrog skeleton (D:3)
  2 orc priests (D:5)
  5 worker ants
  10 adders
  A howler monkey skeleton (D:5)
  2 river rats (D:5)
  A shadow imp (D:5)
  4 oozes
  2 adder skeletons
  5 worms
  A dart slug (D:2)
  7 leopard geckos
  10 orcs
  9 giant cockroaches
  8 hobgoblins
  A quokka (D:3)
  3 ball pythons
  9 bats
  5 frilled lizards
  9 goblins
  A jackal skeleton (D:5)
  9 kobolds
  A leopard gecko skeleton (D:5)
  A leopard gecko zombie (D:5)
  A quokka skeleton (D:4)
  8 rats
  A fungus (D:3)
127 creatures vanquished.

Vanquished Creatures (collateral kills)
  A worm (D:2)
1 creature vanquished.

Vanquished Creatures (others)
  2 fungi (D:3)
2 creatures vanquished.

Grand Total: 130 creatures vanquished

Notes
Turn   | Place    | Note
-------+----------+-------------------------------------------
     0 | D:1      | kae the Draconian Transmuter began the quest for the Orb.
     0 | D:1      | Reached XP level 1. HP: 16/16 MP: 3/3
   153 | D:1      | Reached XP level 2. HP: 10/23 MP: 3/5
  1257 | D:2      | Found an ancient bone altar of Kikubaaqudgha.
  1271 | D:2      | Reached XP level 3. HP: 17/28 MP: 4/6
  1411 | D:2      | Learned a level 2 spell: Sticks to Snakes
  1415 | D:2      | Learned a level 3 spell: Spider Form
  2243 | D:3      | Reached XP level 4. HP: 17/36 MP: 7/7
  2870 | D:3      | Found a blossoming altar of Fedhas.
  3126 | D:3      | Reached XP level 5. HP: 19/42 MP: 6/9
  3713 | D:4      | Noticed wvc's ghost (novice MiBe)
  3715 | D:4      | Reached XP level 6. HP: 41/50 MP: 8/10
  4282 | D:4      | Noticed Edmund
  4292 | D:4      | Killed Edmund
  4292 | D:4      | Reached skill level 5 in Unarmed Combat
  5691 | D:3      | Your scales start taking on a glossy black colour.
  5691 | D:3      | Reached XP level 7. HP: 32/57 MP: 9/11
  5691 | D:3      | Gained mutation: You are resistant to electric shocks. (rElec) [Black Draconian growth]
  6125 | D:5      | Entered Level 5 of the Dungeon
  6317 | D:5      | Found a shadowy altar of Dithmenos.
  6323 | D:5      | Reached skill level 5 in Transmutations
  6606 | D:5      | Found a glowing drain.
  6610 | Sewer    | Entered a sewer
  7545 | D:5      | Reached XP level 8. HP: 66/66 MP: 13/13
  8323 | D:6      | Found a stormy altar of Qazlal.
  8373 | D:5      | Killed themself with a badly aimed orb of electricity

Vault maps used:
D:1:      dpeg_arrival_renting
D:2:      old_standard_altar
D:3:      fedhas_altar_3
D:4:      first_bread, trog_hazing_becter, uniq_edmund
D:5:      gup_sewer_entry_spiral, grunt_dithmenos_smoke_and_mirrors
D:6:      basic_altar, nicolae_qazlal_general_emergency
Sewer:    sewer_co_15_rooms

Skill      XL: |  1  2  3  4  5  6  7  8 |
---------------+-------------------------+-----
Fighting       | 2 3 4 |  4.4
Transmutations | 3 4 5 6 |  6.0
Unarmed Combat | 4 5 6 |  6.5
Spellcasting   | 3 4 |  4.0
Dodging        | |  1.7

Action                   |  1- 3 |  4- 6 |  7- 9 || total
-------------------------+-------+-------+-------++-------
Melee: Unarmed           |   115 |   217 |   191 ||   523
       Tailslap          |    18 |    28 |    24 ||    70
       Kick              |     2 |     6 |       ||     8
       Headbutt          |     2 |     5 |       ||     7
       Punch             |     1 |     1 |     4 ||     6
 Cast: Beastly Appendage |     6 |    12 |     1 ||    19
       Sticks to Snakes  |     1 |       |     1 ||     2
       Spider Form       |       |     3 |     1 ||     4
 Abil: Breathe Lightning |       |       |    22 ||    22
  Use: Scroll            |     6 |     5 |     5 ||    16
 Stab: Sleeping          |     2 |     3 |       ||     5
  Eat: Chunk             |     3 |    10 |     8 ||    21
       Fruit             |     1 |       |     1 ||     2
       Bread ration      |       |       |     1 ||     1
Armor: Skin              |    34 |    46 |    55 ||   135
Dodge: Dodged            |    78 |   116 |   112 ||   306

Table legend:
 A = Spawn XP
 B = Non-spawn XP
 C = Spawn XP percentage of total XP
 D = Spawn monster count
 E = Non-spawn monster count
 F = Spawn count percentage of total count
 G = Total turns spent on level
                    A         B        C        D         E        F      G
               +---------+---------+-------+---------+---------+-------+---------
         Total |       0 |    1750 |   0.0 |       0 |     127 |   0.0 |  8373
               +---------+---------+-------+---------+---------+-------+---------
           D:1 |       0 |      27 |   0.0 |       0 |      16 |   0.0 |   979
           D:2 |       0 |      31 |   0.0 |       0 |       8 |   0.0 |  1233
           D:3 |       0 |     312 |   0.0 |       0 |      35 |   0.0 |  2697
           D:4 |       0 |     376 |   0.0 |       0 |      15 |   0.0 |  1216
           D:5 |       0 |     817 |   0.0 |       0 |      33 |   0.0 |  1402
         Sewer |       0 |     187 |   0.0 |       0 |      20 |   0.0 |   781
               +---------+---------+-------+---------+---------+-------+---------
